 Dungeon Crawl Stone Soup version 0.29-a0-416-g83a48905f1 (webtiles) character file.

Game seed: 292851295859749389

313 croobank the Sneak (level 6, 0/39 HPs)
             Began as an Octopode Fire Elementalist on May 16, 2022.
             Slain by a scorpion (5 damage)
             ... on level 4 of the Dungeon.
             The game lasted 00:16:00 (4025 turns).

croobank the Sneak (Octopode Fire Elementalist)     Turns: 4025, Time: 00:16:01

Health: 0/39       AC:  1    Str:  8    XL:     6   Next: 43%
Magic:  2/10       EV: 13    Int: 19    God:
Gold:   128        SH:  6    Dex: 12    Spells: 3/10 levels left

rFire   + . .      SeeInvis .   a - +2 dagger (venom)
rCold   . . .      Faith    .   j - +3 warlock's mirror {reflect}
rNeg    . . .      Spirit   .   (helmet restricted)
rPois   .          Reflect  +   (no amulet)
rElec   .          Harm     .   s - ring of wizardry
rCorr   .          Rampage  .   d - ring "Muecat" {rF+ Slay+4}
Will    .....                   (no ring)
Stlth   ++++......              (no ring)
HPRegen 0.13/turn               (no ring)
MPRegen 0.12/turn               (no ring)
                                (no ring)
                                (no ring)

@: lethally poisoned (0 -> -7)
A: almost no armour, amphibious, 8 rings, camouflage 1, gelatinous body 1,
(nimble swimmer 1), tentacles
a: no special abilities


You were on level 4 of the Dungeon.
You visited 1 branch of the dungeon, and saw 4 of its levels.

You collected 128 gold pieces.

Inventory:

Hand Weapons
 a - a +2 dagger of venom (weapon)
 b - a +0 hunting sling
 i - a +0 hand axe
 q - a +2 short sword of holy wrath
 w - a +0 war axe
Missiles
 c - 4 boomerangs of dispersal
 g - a throwing net
 h - 47 stones
 n - 8 poisoned darts
Armour
 j - the +3 warlock's mirror (worn) {reflect}
   (You acquired it on level 3 of the Dungeon)

   It can block and reflect piercing ranged attacks and magical attacks against
   the wielder's willpower.
Magical Staves
 k - a staff of fire
Jewellery
 d - the ring "Muecat" (right tentacle) {rF+ Slay+4}
   (You acquired it on level 3 of the Dungeon)

   [ring of slaying]

   Slay:      It affects your accuracy & damage with ranged weapons and melee
   (+4).
   rF:        It protects you from fire.
 s - a ring of wizardry (left tentacle)
Wands
 p - a wand of flame (13)
 x - a wand of digging (7)
Scrolls
 l - a scroll of silence {unknown}
 m - a scroll of blinking {unknown}
 r - a scroll of noise {unknown}
 v - a scroll of acquirement
Potions
 e - a potion of magic
 o - 2 potions of heal wounds {unknown}
 t - a potion of flight {unknown}
 u - a potion of mutation {unknown}


   Skills:
 + Level 2.0 Fighting
 + Level 3.3 Dodging
 + Level 4.6 Stealth
 + Level 0.9 Shields
 + Level 2.9 Spellcasting
 + Level 2.5 Conjurations
 + Level 3.7 Fire Magic


You had 3 spell levels left.
You knew the following spells:

 Your Spells              Type           Power      Damage    Failure   Level
a - Foxfire               Conj/Fire      56%        2x1d6     2%          1
b - Scorch                Fire           34%        2d6       2%          2
c - Flame Wave            Conj/Fire      14%        2d6       22%         4

Your spell library contained the following spells:

 Spells                   Type           Power      Damage    Failure   Level
 Conjure Flame            Conj/Fire      14%        6-21      7%          3
 Animate Skeleton         Necr           4%         N/A       9%          1
 Apportation              Tloc           4%         N/A       9%          1
 Summon Small Mammal      Summ           8%         N/A       9%          1
 Inner Flame              Hex/Fire       9%         N/A       12%         3
 Alistair's Intoxication  Tmut/Pois      1%         N/A       90%         5


Dungeon Overview and Level Annotations

Branches:
Dungeon (4/15)
 Temple: D:4-7

Altars:
Vehumet

Annotations:
D:3 3 runed translucent doors, croobank's ghost, weakling OpFE
D:4 Pikel


Innate Abilities, Weirdness & Mutations

You cannot wear most types of armour.
You are amphibious.
You can wear up to eight rings at the same time.
Your skin changes colour to match your surroundings (Stealth+).
Your rubbery body absorbs attacks. (AC +1, EV +1)
((You are camouflaged when in or above water. (Stealth+)))
You have tentacles for arms and can constrict up to eight enemies at once.


Message History

The spell is quite dangerous to miscast (22% risk of failure)!
Continue anyway?
Casting: Flame Wave (quite dangerous; 22% risk of failure)
Press: ? - help, Dir - look around, f - activate A wave of flame ripples out!
The flame wave engulfs the scorpion.
The scorpion is lightly wounded. (Press . to intensify the flame waves.)
You feel sick. The scorpion stings you!
You are more poisoned.
The scorpion poisons you! You block the scorpion's attack.
A wave of flame ripples out!
The flame wave engulfs the scorpion.
The scorpion is moderately wounded.
The flame wave engulfs the lemure!
The lemure is moderately wounded.
You feel very sick. The scorpion barely misses you.
Pikel says, "All the demons know me.
They respect me."
Okay, then.
A wave of flame ripples out!
The flame wave engulfs the scorpion.
The scorpion is heavily wounded.
The flame wave engulfs the lemure.
The lemure is moderately wounded.
The flame wave engulfs the jelly!
The jelly is severely wounded.
You finish channelling waves of flame.
You feel very sick. The scorpion barely misses you. The lemure hits you!
* * * LOW HITPOINT WARNING * * *
You feel better. The scorpion stings you.
You are poisoned.
The scorpion poisons you! The lemure barely misses you.
The lemure attacks as you move away! The lemure completely misses you.
Found 2 poisoned darts.
You feel very sick.
You see here a quokka corpse.
The scorpion attacks as you move away! The scorpion stings you.
* * * LOW HITPOINT WARNING * * *
The lemure attacks as you move away! The lemure hits you but does no damage.
* * * LOW HITPOINT WARNING * * *
You feel sick. The scorpion stings you.
You die...

####..#†....#..##)##.###
...+##'##§##'##)).##...
...#.....#.....#))##.####.##
...#.....#.....##...........
...###'##+##+######...###.#
..#.......# ....<#.....# #....
..........#.###.#.#.....# #....
...###.#................# #....
†..###+#.##.###.@#5.....#+###....
)#......... # #..s.JK5.#...##....
.#......... ###.##.#.'...##....
.#.......... #....###...##....
.#..........# #..#.# #...##....
.#......... #..#.# #....'..K5
.#......... #..#.# #...##....
.#......... #.(#.# #...######
##.###...#. ...#. #...#


You could see Pikel, a lemure, a scorpion and a jelly.

Vanquished Creatures
  A necrophage (D:4)
  A hound (D:4)
  Terence (D:3)
  An orc wizard (D:3)
  Robin (D:4)
  6 adders
  2 ufetubi
  2 worms
  A dart slug (D:3)
  6 orcs
  6 ball pythons
  4 endoplasms
  2 giant cockroaches
  14 goblins
  8 hobgoblins
  A quokka (D:4)
  10 bats
  4 frilled lizards
  10 kobolds
  2 rats (D:1)
83 creatures vanquished.

Vanquished Creatures (collateral kills)
  3 foxfires (D:1)
3 creatures vanquished.

Vanquished Creatures (others)
  132 foxfires
132 creatures vanquished.

Grand Total: 218 creatures vanquished

Notes
Turn   | Place    | Note
-------+----------+-------------------------------------------
     0 | D:1      | croobank the Octopode Fire Elementalist began the quest for
                  | the Orb.
     0 | D:1      | Reached XP level 1. HP: 11/11 MP: 3/3
   364 | D:1      | Reached XP level 2. HP: 16/17 MP: 0/5
   375 | D:1      | Reached skill level 3 in Stealth
   703 | D:1      | Learned a level 2 spell: Scorch
  1205 | D:2      | Reached XP level 3. HP: 21/21 MP: 3/6
  1577 | D:2      | Reached skill level 1 in Fighting
  1577 | D:2      | Reached XP level 4. HP: 28/28 MP: 2/7
  1627 | D:2      | Learned a level 4 spell: Flame Wave
  2082 | D:2      | Identified the +3 helmet of the True Pharaoh {Drain rPois
                  | Int+3}
  2316 | D:3      | Noticed Terence
  2325 | D:3      | Killed Terence
  2326 | D:3      | Reached skill level 4 in Stealth
  2504 | D:3      | Reached XP level 5. HP: 33/33 MP: 8/8
  2507 | D:3      | Noticed croobank's ghost (weakling OpFE)
  2561 | D:3      | Noticed a centaur
  2817 | D:3      | Identified the +1 ring mail of Fedhas, Inviting {Harm
                  | Str+3}
  2973 | D:3      | Found a runed translucent gate.
  2973 | D:3      | Found a runed translucent gate.
  2973 | D:3      | Found a runed translucent gate.
  3029 | D:3      | Identified 3 scrolls of acquirement
  3030 | D:3      | Acquired the ring "Muecat" {rF+ Slay+4}
  3032 | D:3      | Acquired the +3 warlock's mirror {reflect}
  3032 | D:3      | Found the +3 warlock's mirror {reflect}
  3382 | D:3      | Acquired a staff of fire
  3647 | D:4      | Reached XP level 6. HP: 33/39 MP: 5/10
  3691 | D:4      | Found a radiant altar of Vehumet.
  3723 | D:4      | Noticed Robin
  3738 | D:4      | Killed Robin
  4001 | D:4      | Noticed Pikel
  4025 | D:4      | Slain by a scorpion

Illustrated notes

Levels and vault maps discovered:
D:1:      dpeg_arrival_connections, layout_rooms, minmay_hedge_maze
D:2:      layout_basic, minmay_misc_feat_secret_circle
D:3:      layout_rooms, gammafunk_ghost_split, minmay_checkerbox, uniq_terence
D:4:      layout_basic, mainiacjoe_overflow_24_doors, minmay_bent, uniq_robin,
          uniq_menkaure, uniq_pikel

Skill      XL: |  1  2  3  4  5 |
---------------+----------------+-----
Stealth        | 3 4 |  4.6
Fighting       | 1 2 |  2.0
Conjurations   | 2 |  2.5
Dodging        | 3 |  3.3
Shields        | |  0.9
Spellcasting   | |  2.9
Fire Magic     | |  3.7

Action                   |  1- 3 |  4- 6 || total
-------------------------+-------+-------++-------
Melee: Unarmed           |     7 |       ||     7
       Constrict         |     7 |    10 ||    17
       Tentacles         |     6 |     4 ||    10
       Dagger            |    13 |    17 ||    30
       Staff             |       |    16 ||    16
 Cast: Foxfire           |    39 |    40 ||    79
       Scorch            |     3 |    21 ||    24
       Flame Wave        |       |     2 ||     2
  Use: Scroll            |       |     6 ||     6
       Potion            |       |     3 ||     3
 Stab: Sleeping          |       |     2 ||     2
Armor: Skin              |     2 |     6 ||     8
Dodge: Dodged            |     9 |    26 ||    35
Block: Buckler           |       |    11 ||    11

Table legend: (Time is in decaauts)
 A = Elapsed time spent in this place.
 B = Non-inter-level travel time spent in this place.
 C = Inter-level travel time spent in this place.
 D = Time resting spent in this place.
 E = Time spent auto-exploring this place.
 F = Levels seen in this place.
 G = Mean time per level.
                   A        B        C        D        E       F      G
               +--------+--------+--------+--------+--------+-----+--------+
         Total |   4026 |   3950 |     76 |    682 |   2649 |   4 | 1006.5 |
       Dungeon |   4026 |   3950 |     76 |    682 |   2649 |   4 | 1006.5 |
               +--------+--------+--------+--------+--------+-----+--------+

Top non-repeatable levels by time:
     D:3: 1332 daAuts
     D:1: 1140 daAuts
     D:2: 1074 daAuts
     D:4: 478 daAuts
